 Dungeon Crawl Stone Soup version 0.31-a0-986-g5e6e4ef867 (webtiles) character file.

Game seed: 15100879917491362381

11510 Xavori the Nimble (level 12, -1/86 HPs)
             Began as a Djinni Chaos Knight on Nov 9, 2023.
             Was a Plaything of Xom.
             Slain by a yak (13 damage)
             ... on level 10 of the Dungeon.
             The game lasted 00:13:43 (10054 turns).

Xavori the Nimble (Djinni Chaos Knight)            Turns: 10054, Time: 00:13:45

Health: -1/86      AC:  5    Str: 10    XL:     12   Next: 8%
Gold:   585        EV: 17    Int: 10    God:    Xom [...*..] SH:  6 Dex: 24

rFire   + + +        H - +4 scimitar (flame)
rCold   + . .        J - +0 buckler
rNeg    + . .        b - +2 leather armour
rPois   ∞            (helmet restricted)
rElec   +            o - scarf {rC+ rF+}
rCorr   .            w - +0 pair of gloves
SInv    .            (boots unavailable)
Will    +....        s - amulet of faith
Stlth   +++          l - ring of wizardry
HPRegen 1.14/turn    f - ring "Jaqobb" {rElec rC+ rN+ Dex+3 Stlth+}
MPRegen 0.00/turn

%: faith, wizardry (x1), infuse magic (-2 HP)
@: confusing by touch, flying
A: sickness immunity, fire resistance 2, cold vulnerability 1, float, innate
caster, HP casting, extra vitality 1, horns 1, agile 1, deformed body, dopey 2,
regeneration 1, electricity resistance
a: Renounce Religion


You were on level 10 of the Dungeon.
You worshipped Xom.
You were a favourite toy of Xom.
You visited 1 branch of the dungeon, and saw 10 of its levels.
You also visited: Bailey.

You collected 585 gold pieces.

Inventory:

Hand Weapons
 x - a +3 scimitar of draining
 H - a +4 scimitar of flaming (weapon)
Armour
 b - a +2 leather armour (worn)
 o - a scarf of resistance (worn)
 w - a +0 pair of gloves (worn)
 B - a +0 helmet
 I - +0 steam dragon scales
 J - a +0 buckler (worn)
Jewellery
 f - the ring "Jaqobb" (right hand) {rElec rC+ rN+ Dex+3 Stlth+}
   (Xom gifted it to you on level 2 of the Dungeon)

   [ring of positive energy]

   Dex+3:     It affects your dexterity (+3).
   rC+:       It protects you from cold.
   rElec:     It insulates you from electricity.
   rN+:       It protects you from negative energy.
   Stlth+:    It makes you more stealthy.
 l - a ring of wizardry (left hand)
 r - a ring of see invisible
 s - an amulet of faith (around neck)
Wands
 m - a wand of paralysis (2)
 q - a wand of digging (1)
 y - a wand of polymorph (8)
 z - a wand of acid (4)
 D - a wand of flame (20)
 G - a wand of iceblast (17)
Scrolls
 c - a scroll of butterflies
 e - a scroll of silence
 h - 6 scrolls of teleportation
 k - 4 scrolls of fog
 t - 3 scrolls of enchant weapon
 A - 2 scrolls of summoning
 K - a scroll of immolation {unknown}
Potions
 a - a potion of invisibility {unknown}
 d - 6 potions of curing
 g - 4 potions of brilliance {unknown}
 i - a potion of might {unknown}
 j - a potion of attraction {unknown}
 n - 3 potions of resistance
 p - 4 potions of enlightenment
 u - a potion of cancellation {unknown}
 v - a potion of heal wounds
 C - a potion of mutation {unknown}
 E - a potion of magic {unknown}
Miscellaneous
 F - a box of beasts


   Skills:
 + Level 7.7 Fighting
 + Level 7.1 Long Blades
 + Level 7.1 Armour
 + Level 8.1 Dodging
 + Level 1.9 Shields
 * Level 6.9 Spellcasting
 * Level 6.9 Conjurations
 * Level 6.9 Hexes
   Level 0.0 Charms
 * Level 6.9 Summonings
 * Level 6.9 Necromancy
 * Level 6.9 Translocations
 * Level 6.9 Transmutations
 * Level 6.9 Fire Magic
 * Level 6.9 Ice Magic
 * Level 6.9 Air Magic
 * Level 6.9 Earth Magic
 * Level 6.9 Poison Magic
 - Level 6.6 Evocations


You knew the following spells:

 Your Spells              Type           Power      Damage    Failure   Level
a - Slow                  Hex            68%        N/A       1%          1
b - Passwall              Tmut/Erth      14%        N/A       1%          2
c - Vampiric Draining     Necr           17%        2d7       2%          3
d - Confusing Touch       Hex            17%        N/A       2%          3
e - Animate Dead          Necr           17%        N/A       9%          4
Your spell library was empty.

Dungeon Overview and Level Annotations

Branches:
Dungeon (10/15)            Temple (0/1) D:4            Lair (0/5) D:8
 Bailey (visited)
    Orc: D:9-12

Altars:
Elyvilon
Gozag
Uskayaw
Wu Jian
Xom
Zin

Shops:
D:1 :

Annotations:
D:9 Gastronok


Innate Abilities, Weirdness & Mutations

You are immune to sickness and miasma.
You are immune to poison.
Your flesh is very heat resistant. (rF++)
You are vulnerable to cold. (rC-)
You float through the air rather than walking.
You learn spells naturally, not from books.
Your magical power is your life essence.
You have superior vitality. (+4 MHP)
You have a pair of small horns on your head.
You are agile. (Dex +4, Str/Int -1)
Armour fits poorly on your strangely shaped body.
You are very dopey. (Int -4)
Your natural rate of healing is unusually fast.
You are resistant to electric shocks. (rElec)


Message History

The yak attacks as it pursues you! The yak gores you but does no damage.
The yak attacks as it pursues you! You block the yak's attack.
Xom almost notices you.
Your eyebrows briefly feel incredibly bushy.
The yak attacks as it pursues you! The yak barely misses you.
The yak gores you! The yak gores you! The yak attacks as it pursues you!
You block the yak's attack. The yak gores you. You block the yak's attack.
The yak gores you!
There is an open door here.
You feel yourself speed up.
Your cleaving frenzy subsides.
You slice the yak!! You burn the yak! You headbutt the yak.
The yak is almost dead.
You slice the yak!! You burn the yak.
You kill the yak!
You block the yak's attack.
You barely miss the yak. You headbutt the yak!
The yak is lightly wounded.
The yak gores you!
* * * LOW HITPOINT WARNING * * *
You slash the yak! You burn the yak.
The yak is severely wounded.
The yak gores you!
* * * LOW HITPOINT WARNING * * *
Aiming: Corrosive Bolt
Press: ? - help, Shift-Dir - straight line, f - yak
Aim: a yak (84% to hit)
The bolt of acid hits the yak!!
The acid corrodes the yak!
You kill the yak!
The bolt of acid hits the yak!!
The yak is heavily wounded.
Casting: Confusing Touch (mildly dangerous; 2% risk of failure)
Confirm with . or Enter, or press ? or * to list all spells.
Your hands begin to glow red.
* * * LOW HITPOINT WARNING * * *
Xom opens a gate.
The yak gores you!
You die...
Xom thinks this is hilarious!

#....+ #....#
#####....#
#........#
#........#
+........#
######YY......#
#...###Y#######
#...###@#
#....5..#
###.#####
###'####
#......#
#......#
#......#
###'####
####.....#


You could see 3 yaks and a friendly ufetubus (summoned).

Vanquished Creatures
  Erica (D:8)
  Amaemon (D:8)
  Pikel (D:5)
  Joseph (D:7)
  An orange demon (D:8)
  Psyche (D:8)
  2 hornets (D:8)
  Prince Ribbit (D:5)
  A shadow (D:9)
  Sigmund (D:4)
  A wyvern (D:9)
  11 yaks
  3 spriggans (Bailey)
  A wraith (D:10)
  3 steam dragons
  Menkaure (D:7)
  5 water moccasins
  An ice beast (D:6)
  A black bear (D:8)
  3 sky beasts
  5 ogres (Bailey)
  3 wolves (D:9)
  4 centaurs
  A lemure (D:5)
  A phantom (D:5)
  5 kobold brigands
  2 gnoll sergeants
  5 bullfrogs
  A scorpion (D:7)
  5 wights (D:6)
  6 hounds
  2 orc priests
  4 gnoll boudas
  2 sleepcaps
  3 iguanas
  3 orc wizards
  24 gnolls
  5 adders
  A shadow imp (D:5)
  3 white imps
  2 ufetubi (D:6)
  3 worms
  2 dart slugs
  19 orcs
  2 endoplasms (D:4)
  A giant cockroach (D:1)
  7 goblins
  5 hobgoblins
  7 jackals
  7 quokkas
  8 ball pythons
  6 bats
  5 frilled lizards
  16 kobolds
  8 rats
224 creatures vanquished.

Vanquished Creatures (collateral kills)
  A two-headed ogre (Bailey)
  2 spriggans (Bailey)
  A fire bat (Bailey)
  A yak (D:9)
  A steam dragon (D:9)
  An acid dragon (Bailey)
  An orc priest (D:2)
  An orc (D:2)
  A kobold (D:8)
10 creatures vanquished.

Vanquished Creatures (others)
  5 gnolls (D:7)
  2 kobolds (D:8)
  A quokka (D:5)
  A quokka zombie (D:4)
9 creatures vanquished.

Grand Total: 243 creatures vanquished

Notes
Turn   | Place    | Note
-------+----------+-------------------------------------------
     0 | D:1      | Xavori the Djinni Chaos Knight began the quest for the Orb.
     0 | D:1      | Reached XP level 1. HP: 20/20 MP: 0/0
    99 | D:1      | You are sucked into a shaft and drop 1 floor!
   112 | D:2      | Reached XP level 2. HP: 23/25 MP: 0/0
   279 | D:2      | XOM: silly message
   354 | D:1      | XOM: stat loss: -1 Str (10/11)
   383 | D:1      | Reached XP level 3. HP: 28/30 MP: 0/0
   383 | D:1      | Learned a level 1 spell: Slow
   440 | D:1      | Found Booguuma's Book Shoppe.
   725 | D:1      | XOM: god gift: chain mail {god gift}
  1266 | D:2      | Reached skill level 1 in Spellcasting
  1266 | D:2      | Reached skill level 1 in Conjurations
  1266 | D:2      | Reached skill level 1 in Hexes
  1266 | D:2      | Reached skill level 1 in Summonings
  1266 | D:2      | Reached skill level 1 in Necromancy
  1266 | D:2      | Reached skill level 1 in Translocations
  1266 | D:2      | Reached skill level 1 in Transmutations
  1266 | D:2      | Reached skill level 1 in Fire Magic
  1266 | D:2      | Reached skill level 1 in Ice Magic
  1266 | D:2      | Reached skill level 1 in Air Magic
  1266 | D:2      | Reached skill level 1 in Earth Magic
  1266 | D:2      | Reached skill level 1 in Poison Magic
  1489 | D:1      | XOM: scenery: create altars
  1600 | D:1      | XOM: god gift: wand of paralysis (3)
  2914 | D:1      | XOM: cloud trail
  2971 | D:1      | XOM: give mutations
  2971 | D:1      | Gained mutation: You are strong-willed. (Will+) [Xom's
                  | grace]
  2971 | D:1      | Gained mutation: Your flesh is almost immune to the effects
                  | of heat. (rF+++) [Xom's grace]
  2971 | D:1      | Gained mutation: You are partially covered in iridescent
                  | scales. (AC +2) [Xom's grace]
  2971 | D:1      | Gained mutation: You are resistant to electric shocks.
                  | (rElec) [Xom's grace]
  3265 | D:1      | XOM is BORED!
  3913 | D:2      | Reached XP level 4. HP: 35/35 MP: 0/0
  4127 | D:2      | XOM: cast spell 'Summon Cactus Giant'
  4208 | D:2      | Identified the ring "Jaqobb" {rElec rC+ rN+ Dex+3 Stlth+}
                  | (Xom gifted it to you on level 2 of the Dungeon)
  4208 | D:2      | XOM: god gift: ring "Jaqobb" {rElec rC+ rN+ Dex+3 Stlth+}
  4235 | D:2      | XOM: give mutations
  4235 | D:2      | Gained mutation: You expend health (3 HP) to strengthen
                  | your wands. [Xom's grace]
  4235 | D:2      | Gained mutation: You are mostly covered in iridescent
                  | scales. (AC +4) [Xom's grace]
  4235 | D:2      | Gained mutation: You are agile. (Dex +4, Str/Int -1) [Xom's
                  | grace]
  4512 | D:3      | Reached XP level 5. HP: 35/40 MP: 0/0
  4512 | D:3      | Learned a level 2 spell: Passwall
  4743 | D:3      | XOM: scenery: summon butterflies
  4812 | D:3      | Reached skill level 3 in Dodging
  4999 | D:3      | XOM: 1-stop teleportation journey
  5164 | D:4      | Reached skill level 1 in Evocations
  5273 | D:4      | an orc wizard changed into a sky beast
  5273 | D:4      | Noticed a sky beast
  5273 | D:4      | XOM: polymorph orc wizard -> sky beast
  5275 | D:4      | XOM: stat loss: -1 Int (12/13)
  5278 | D:4      | XOM: blink monster(s)
  5301 | D:4      | XOM: give mutations
  5301 | D:4      | Lost mutation: Your flesh is almost immune to the effects
                  | of heat. (rF+++) [Xom's mischief]
  5301 | D:4      | Gained mutation: You possess an exceptional clarity of
                  | mind. [Xom's mischief]
  5304 | D:4      | XOM: 1-stop teleportation journey
  5306 | D:4      | XOM: cast spell 'Dispersal'
  5425 | D:4      | Killed a sky beast
  5426 | D:4      | Reached XP level 6. HP: 47/47 MP: 0/0
  5492 | D:4      | XOM: noise
  5571 | D:4      | XOM: give mutations
  5571 | D:4      | Lost mutation: You possess an exceptional clarity of mind.
                  | [Xom's mischief]
  5571 | D:4      | Gained mutation: You are dopey. (Int -2) [Xom's mischief]
  5581 | D:4      | XOM: summons 4 hostile demons
  5614 | D:4      | XOM: summons 4 hostile demons
  5615 | D:4      | Noticed a hellwing
  5900 | D:4      | Reached XP level 7. HP: 48/51 MP: 0/0
  5900 | D:4      | Learned a level 3 spell: Vampiric Draining
  5960 | D:4      | Found a staircase to the Ecumenical Temple.
  5965 | D:4      | XOM: divination: detect items
  6014 | D:4      | Noticed Sigmund
  6027 | D:4      | Killed Sigmund
  6029 | D:4      | XOM: god gift: 33 gold pieces
  6147 | D:5      | Entered Level 5 of the Dungeon
  6153 | D:5      | XOM: fog
  6196 | D:5      | XOM: summons 3 hostile shadow creatures
  6197 | D:5      | Noticed a water moccasin
  6243 | D:5      | Found a glowing silver altar of Zin.
  6262 | D:5      | XOM: noise
  6274 | D:5      | Reached skill level 4 in Dodging
  6291 | D:5      | Reached XP level 8. HP: 45/58 MP: 0/0
  6295 | D:5      | XOM: summons 2 hostile demons
  6548 | D:5      | XOM: give mutations
  6548 | D:5      | Lost mutation: You expend health (3 HP) to strengthen your
                  | wands. [Xom's mischief]
  6548 | D:5      | Gained mutation: Your natural rate of healing is unusually
                  | fast. [Xom's mischief]
  6763 | D:5      | Found a white marble altar of Elyvilon.
  6763 | D:5      | Noticed Pikel
  6772 | D:5      | XOM: cast spell 'Summon Small Mammal'
  6782 | D:5      | XOM: swap monsters
  6787 | D:5      | XOM: potion effect (curing)
  6789 | D:5      | Killed Pikel
  6903 | D:5      | XOM: divination: detect items
  7040 | D:6      | Noticed Prince Ribbit
  7074 | D:5      | Killed Prince Ribbit
  7075 | D:5      | Reached skill level 5 in Fighting
  7075 | D:5      | Reached skill level 5 in Dodging
  7075 | D:5      | Reached XP level 9. HP: 56/65 MP: 0/0
  7075 | D:5      | Learned a level 3 spell: Confusing Touch
  7090 | D:6      | XOM: potion effect (invisibility)
  7143 | D:6      | XOM: divination: detect items
  7228 | D:6      | XOM: silly message
  7269 | D:6      | XOM: silly message
  7298 | D:6      | Reached skill level 5 in Long Blades
  7426 | D:6      | XOM: give mutations
  7426 | D:6      | Gained mutation: Armour fits poorly on your strangely
                  | shaped body. [Xom's mischief]
  7426 | D:6      | Lost mutation: You are strong-willed. (Will+) [Xom's
                  | mischief]
  7426 | D:6      | Gained mutation: You are very dopey. (Int -4) [Xom's
                  | mischief]
  7426 | D:6      | Lost mutation: You are mostly covered in iridescent scales.
                  | (AC +4) [Xom's mischief]
  7661 | D:7      | Noticed Joseph
  7661 | D:7      | XOM: confuse monster(s)
  7664 | D:7      | XOM: noise
  7665 | D:7      | XOM: divine lightning
  7667 | D:7      | XOM: destruction
  7674 | D:7      | Killed Joseph
  7679 | D:7      | XOM: potion effect (berserk rage)
  7820 | D:7      | Noticed Menkaure
  7826 | D:7      | Killed Menkaure
  7827 | D:7      | Reached skill level 5 in Armour
  7827 | D:7      | Reached XP level 10. HP: 72/72 MP: 0/0
  7864 | D:7      | XOM: god gift: short sword {god gift}
  7895 | D:7      | XOM: scenery: create altars
  7988 | D:8      | Noticed Erica
  7990 | D:8      | XOM: summons friendly quasit
  7994 | D:8      | Reached skill level 6 in Dodging
  8006 | D:8      | XOM: scenery: create altars
  8007 | D:8      | Killed Erica
  8008 | D:8      | Reached skill level 5 in Spellcasting
  8008 | D:8      | Reached skill level 5 in Conjurations
  8008 | D:8      | Reached skill level 5 in Hexes
  8008 | D:8      | Reached skill level 5 in Summonings
  8008 | D:8      | Reached skill level 5 in Necromancy
  8008 | D:8      | Reached skill level 5 in Translocations
  8008 | D:8      | Reached skill level 5 in Transmutations
  8008 | D:8      | Reached skill level 5 in Fire Magic
  8008 | D:8      | Reached skill level 5 in Ice Magic
  8008 | D:8      | Reached skill level 5 in Air Magic
  8008 | D:8      | Reached skill level 5 in Earth Magic
  8008 | D:8      | Reached skill level 5 in Poison Magic
  8008 | D:8      | Reached skill level 5 in Evocations
  8010 | D:8      | XOM: fog
  8075 | D:8      | Found a staircase to the Lair.
  8078 | D:8      | XOM: chaos upgrade
  8176 | D:8      | Noticed an orange demon
  8180 | D:8      | Noticed Amaemon
  8184 | D:8      | XOM: enchant monster (good)
  8188 | D:8      | XOM: enchant monster (good)
  8199 | D:8      | Killed Amaemon
  8202 | D:8      | Killed an orange demon
  8260 | D:8      | Found a flagged portal.
  8274 | Bailey   | Entered a bailey
  8289 | Bailey   | Reached XP level 11. HP: 40/78 MP: 0/0
  8289 | Bailey   | Learned a level 4 spell: Animate Dead
  8294 | Bailey   | Reached skill level 7 in Dodging
  8343 | Bailey   | XOM: polymorph ogre -> fire bat
  8348 | Bailey   | XOM: cast spell 'Summon Horrible Things'
  8384 | Bailey   | XOM: noise
  8386 | Bailey   | Identified the +1 short sword of the Modern Spirits {spect,
                  | rElec rF+ Stlth-}
  8391 | Bailey   | XOM: noise
  8391 | Bailey   | XOM: smoke on damage
  8392 | Bailey   | Xom revived you
  8470 | Bailey   | Noticed a two-headed ogre
  8475 | Bailey   | Killed a two-headed ogre
  8697 | D:8      | Found an opulent altar of Gozag.
  8709 | D:8      | Noticed Psyche
  8718 | D:8      | XOM: fake destruction
  8788 | D:8      | XOM: 4-stop teleportation journey
  8804 | D:8      | XOM: enchant monster (good)
  8819 | D:8      | Killed Psyche
  8930 | D:8      | Found an ornate altar of the Wu Jian Council.
  9115 | D:8      | Found a glowing silver altar of Zin.
  9325 | D:9      | XOM: summons 7 friendly demons
  9354 | D:9      | XOM: summons 1 hostile demon
  9387 | D:9      | XOM: give mutations
  9387 | D:9      | Lost mutation: You are partially covered in iridescent
                  | scales. (AC +2) [Xom's mischief]
  9387 | D:9      | Gained mutation: You have a pair of small horns on your
                  | head. [Xom's mischief]
  9388 | D:9      | Reached skill level 1 in Shields
  9393 | D:9      | XOM: cast spell 'Summon Horrible Things'
  9449 | D:9      | XOM: god gift: box of beasts
  9475 | D:9      | Noticed Gastronok
  9483 | D:9      | XOM: enchant monster (good)
  9528 | D:9      | XOM: cleaving
  9531 | D:9      | XOM: smoke on damage
  9532 | D:9      | XOM: 1-stop teleportation journey
  9566 | D:9      | Noticed Grum
  9573 | D:9      | XOM: scenery: create altars
  9580 | D:9      | Reached skill level 8 in Dodging
  9580 | D:9      | Grum changed into Grum the bullfrog
  9580 | D:9      | Noticed Grum
  9580 | D:9      | XOM: polymorph Grum -> Grum the bullfrog
  9583 | D:9      | XOM: scenery: 1 doors close
  9585 | D:9      | Killed Grum the bullfrog
  9646 | D:9      | XOM: 1-stop teleportation journey
  9666 | D:9      | Reached XP level 12. HP: 68/86 MP: 0/0
  9876 | D:9      | Found a hide-covered altar of Uskayaw.
  9985 | D:10     | Entered Level 10 of the Dungeon
 10027 | D:10     | XOM: summons 2 friendly demons
 10034 | D:10     | XOM: cleaving
 10044 | D:10     | XOM: silly message
 10054 | D:10     | XOM: summons friendly ufetubus
 10054 | D:10     | Slain by a yak

Illustrated notes

Levels and vault maps discovered:
D:1:      minmay_arrival_radiant_lines, layout_basic, serial_shops,
          nicolae_shop_tiny_statue_garden,
          nicolae_concentric_dashed_squares_wild
D:2:      cheibrodos_pilgrimage, layout_basic, minmay_misc_feat_columns,
          roderic_roman_lattice, skrybe_limestone_x
D:3:      layout_loops_cross
D:4:      layout_basic, minmay_temple_entry_nine_rooms, uniq_sigmund
D:5:      layout_loops_ring, elyvilon_altar_4, mainiacjoe_overflow_24_doors,
          grunt_decor_junction, uniq_pikel
D:6:      layout_basic, dreamdust_mushroom_princess, uniq_prince_ribbit1
D:7:      layout_rooms, uniq_joseph, uniq_menkaure
D:8:      layout_rooms, nicolae_wu_jian_wuxing_cycle, lemuel_doored_altar,
          due_lair_maze_entry_diamond, enter_bailey_7, minmay_ruined_shrine,
          uniq_psyche, uniq_erica, uniq_amaemon
D:9:      layout_roguey, nicolae_uskayaw_dance_studio, uniq_gastronok, uniq_grum
D:10:     layout_basic, evilmike_ruin_ashenzari, lemuel_crystal_altar,
          uniq_nergalle

Skill      XL: |  1  2  3  4  5  6  7  8  9 10 11 |
---------------+----------------------------------+-----
Long Blades    | 3 4 5 6 7 |  7.1
Spellcasting   | 1 2 3 4 5 6 |  6.9
Conjurations   | 1 2 3 4 5 6 |  6.9
Hexes          | 1 2 3 4 5 6 |  6.9
Summonings     | 1 2 3 4 5 6 |  6.9
Necromancy     | 1 2 3 4 5 6 |  6.9
Translocations | 1 2 3 4 5 6 |  6.9
Transmutations | 1 2 3 4 5 6 |  6.9
Fire Magic     | 1 2 3 4 5 6 |  6.9
Ice Magic      | 1 2 3 4 5 6 |  6.9
Air Magic      | 1 2 3 4 5 6 |  6.9
Earth Magic    | 1 2 3 4 5 6 |  6.9
Poison Magic   | 1 2 3 4 5 6 |  6.9
Armour         | 2 3 4 5 6 7 |  7.1
Dodging        | 3 4 5 6 8 |  8.1
Evocations     | 1 2 3 4 5 6 |  6.6
Fighting       | 4 5 6 7 |  7.7
Shields        | 1 |  1.9

Action                     |  1- 3 |  4- 6 |  7- 9 | 10-12 || total
---------------------------+-------+-------+-------+-------++-------
  Melee: Falchion          |    92 |   185 |   226 |       ||   503
         Punch             |     3 |       |     4 |     3 ||    10
         Scimitar          |       |       |    67 |   294 ||   361
         Headbutt          |       |       |       |    15 ||    15
   Cast: Confusing Touch   |       |       |       |     4 ||     4
  Evoke: Wand              |       |       |     1 |     4 ||     5
    Use: Scroll            |     1 |     3 |     3 |     7 ||    14
         Potion            |       |     1 |     1 |     1 ||     3
   Stab: Sleeping          |       |    13 |     4 |       ||    17
         Confused          |       |     1 |     3 |     1 ||     5
         Paralysed         |       |       |     8 |       ||     8
         Invisible         |       |       |     3 |       ||     3
         Petrified         |       |       |       |     9 ||     9
         Distracted        |       |       |       |     1 ||     1
 Armour: Leather armour    |    65 |   124 |   199 |   252 ||   640
  Dodge: Dodged            |    61 |   160 |   310 |   299 ||   830
  Block: Buckler           |       |       |       |    36 ||    36

Table legend: (Time is in decaauts)
 A = Elapsed time spent in this place.
 B = Non-inter-level travel time spent in this place.
 C = Inter-level travel time spent in this place.
 D = Time resting spent in this place.
 E = Time spent auto-exploring this place.
 F = Levels seen in this place.
 G = Mean time per level.
                   A        B        C        D        E       F      G
               +--------+--------+--------+--------+--------+-----+--------+
         Total |  10173 |   9943 |    230 |   3238 |   4549 |  11 |  924.8 |
       Dungeon |   9883 |   9653 |    230 |   3179 |   4490 |  10 |  988.3 |
        Bailey |    290 |    290 |      0 |     59 |     59 |   1 |  290.0 |
               +--------+--------+--------+--------+--------+-----+--------+

Top non-repeatable levels by time:
     D:1: 3548 daAuts
     D:4: 972 daAuts
     D:5: 939 daAuts
     D:2: 896 daAuts
     D:8: 869 daAuts
     D:3: 774 daAuts
     D:9: 764 daAuts
     D:7: 596 daAuts
     D:6: 443 daAuts
  Bailey: 290 daAuts
    D:10: 78 daAuts
